Map: King's Cove LE

Players

TIME (Oliveira) - Winner!

  • Race: Terran Terran
  • Spawn Location: 11:00

Harstem

  • Race: Protoss Protoss
  • Spawn Location: 5:00

Event: 2019 WCS Spring

VOD

Have the link to the VOD?

Description

Time

  • Played on: May 18, 2019, 3:20 p.m.
  • Length: 25:55

All games in this series

Show
View Real Time Build Order
Export as new Build Order

TIME Terran - Winner!

Build Orders: Reaper Expand 

Get SALT Encoding   

  12  0:00  SCV  
  13  0:13  SCV  
  14  0:18  Supply Depot  
  14  0:25  SCV  
  15  0:40  SCV  
  15  0:41  Barracks  
  16  0:45  Refinery  
  16  0:52  SCV  
  17  1:04  SCV  
  18  1:16  SCV  
  19  1:29  Reaper, Orbital Command  
  20  1:43  Command Center  
  20  1:55  SCV, Supply Depot  
  20  2:01  Marine  
  22  2:07  SCV  
  23  2:11  Factory  
  23  2:16  Refinery  
  23  2:20  SCV  
  24  2:23  Barracks Reactor  
  24  2:32  SCV  
  24  2:34  Barracks  
  25  2:44  SCV  
  26  2:55  Widow Mine  
  26  2:56  Orbital Command  
  26  2:57  SCV  
  29  3:00  Marine x2  
  31  3:09  SCV  
  32  3:16  Widow Mine  
  32  3:18  Marine x2  
  36  3:21  Barracks Tech Lab  
  36  3:22  Starport  
  36  3:24  SCV  
  37  3:30  SCV  
  38  3:35  Marine, Supply Depot  
  38  3:36  SCV, Marine  
  38  3:41  Widow Mine  
  43  3:44  Stimpack  
  43  3:47  SCV  
  43  3:48  SCV  
  45  3:49  Marine  
  46  3:56  Marine  
  46  3:59  SCV  
  46  4:00  SCV  
  46  4:01  Viking  
  51  4:05  Widow Mine  
  51  4:09  Marine, Supply Depot  
  53  4:16  Marine  
  54  4:26  Barracks  
  54  4:28  Supply Depot  
  54  4:30  Marine x2, Factory Tech Lab  
  54  4:31  SCV x2  
  58  4:33  Medivac  
  60  4:39  Engineering Bay  
  60  4:43  SCV x2, Refinery  
  62  4:50  Marine  
  62  4:51  Supply Depot  
  63  4:53  Marine  
  63  4:54  Marine  
  63  4:55  SCV  
  63  4:58  SCV  
  67  5:05  Factory Reactor  
  67  5:06  Starport Reactor  
  67  5:07  SCV  
  67  5:10  Marauder  
  67  5:12  Terran Infantry Weapons Level 1, SCV  
  67  5:14  Supply Depot x2  
  71  5:16  Marine x2  
  71  5:22  Marauder  
  71  5:23  SCV  
  74  5:30  SCV  
  74  5:31  Marauder, Bunker  
  74  5:34  Marine  
  76  5:36  Marine  
  76  5:37  Refinery  
  76  5:38  Combat Shield  
  76  5:42  SCV x2  
  78  5:44  Widow Mine x2  
  78  5:45  Concussive Shells  
  83  5:52  Medivac x2  
  83  5:56  Marauder, Marine  
  90  5:59  Marauder, SCV  
  89  6:04  Supply Depot  
  89  6:06  Supply Depot  
  89  6:07  Marine  
  89  6:11  Widow Mine x2  
  92  6:17  Marauder  
  94  6:25  Marine  
  94  6:26  SCV x2, Marauder  
  94  6:27  Medivac, Supply Depot  
  94  6:29  Medivac  
  103  6:43  Marauder  
  103  6:44  Supply Depot  
  103  6:46  Command Center  
  105  6:49  Widow Mine x2  
  105  6:50  Marine x2  
  105  6:53  Supply Depot  
  112  6:54  SCV  
  112  6:56  SCV  
  105  7:10  Liberator x2  
  105  7:13  Marauder, Marine x2  
  105  7:14  Widow Mine  
  100  7:18  Marine  
  94  7:27  Widow Mine  
  95  7:30  SCV, Marine  
  95  7:31  Marine  
  95  7:36  Barracks  
  96  7:37  Marauder, Barracks, Marine  
  96  7:43  Widow Mine  
  101  7:45  SCV x2  
  101  7:50  Marine  
  104  7:55  Marauder  
  104  7:57  Liberator x2  
  105  7:59  Marauder  
  105  8:01  Marine  
  99  8:08  Marine  
  96  8:16  Marauder, Widow Mine x2  
  96  8:18  Orbital Command  
  96  8:19  SCV x2  
  107  8:22  Marauder, Marine  
  107  8:25  Barracks Tech Lab, Barracks Reactor  
  110  8:27  Terran Infantry Armor Level 1  
  110  8:31  SCV x2  
  112  8:38  Armory  
  112  8:39  Engineering Bay, Widow Mine  
  112  8:40  Widow Mine  
  115  8:43  SCV x3  
  115  8:48  Marine x2, Supply Depot  
  118  8:50  Marauder  
  118  8:51  Supply Depot  
  118  8:53  Marauder x2  
  126  8:58  Medivac  
  126  9:00  Medivac  
  130  9:04  SCV  
  130  9:05  SCV, Refinery  
  130  9:06  Marine x2  
  130  9:07  Refinery  
  130  9:08  Widow Mine x2  
  138  9:11  Marine x2  
  138  9:15  Marauder, Marine x2  
  144  9:18  SCV  
  144  9:19  SCV  
  144  9:24  Supply Depot, Marine  
  146  9:27  Marine  
  148  9:33  Marauder x2  
  146  9:40  SCV  
  146  9:45  Marine x2  
  147  9:46  Marauder  
  147  9:47  Terran Infantry Weapons Level 2  
  147  9:50  Marine x2  
  147  9:51  Liberator x2  
  149  9:54  Marauder  
  149  9:56  Marine  
  148  10:04  SCV  
  138  10:07  Marauder  
  138  10:11  Command Center  
  138  10:12  Fusion Core, Marine  
  145  10:15  SCV, Starport  
  145  10:19  Marine  
  144  10:21  Marine  
  144  10:22  Marauder  
  144  10:27  Marauder, Marine  
  144  10:28  Marine  
  146  10:35  SCV  
  144  10:39  Marine, Factory Tech Lab  
  142  10:43  Marauder, Marine x2  
  142  10:44  Liberator x2  
  142  10:46  Marauder  
  136  10:58  Marine  
  136  11:00  Marine  
  136  11:01  Marauder, Starport Tech Lab, Marine  
  136  11:04  Marine  
  136  11:05  Marauder  
  136  11:07  Marine  
  136  11:09  Siege Tank  
  138  11:15  SCV x2  
  138  11:16  Marine  
  138  11:17  Terran Infantry Armor Level 2  
  141  11:21  Liberator  
  141  11:22  Marauder  
  141  11:24  Marine  
  141  11:25  Marauder, Marine  
  138  11:28  Planetary Fortress  
  130  11:33  Advanced Ballistics  
  130  11:39  SCV x2  
  124  11:43  Terran Ship Weapons Level 1, Marine x2  
  126  11:48  Medivac x2  
  126  11:49  SCV  
  131  11:56  SCV  
  131  11:58  Sensor Tower  
  131  11:59  Marauder x2  
  131  12:00  Marauder  
  138  12:04  Marine x2  
  138  12:07  SCV x3  
  143  12:09  SCV  
  143  12:10  Supply Depot  
  143  12:15  Marine  
  145  12:17  Marine  
  145  12:18  Liberator  
  145  12:19  SCV  
  145  12:21  Marauder x2, Missile Turret x2  
  145  12:22  Missile Turret  
  151  12:24  Missile Turret  
  151  12:28  SCV  
  151  12:29  SCV  
  153  12:34  Missile Turret, Marine  
  153  12:35  Marauder  
  158  12:37  Medivac  
  161  12:47  Marine  
  161  12:48  Marauder  
  161  12:50  Liberator  
  162  12:56  SCV  
  145  13:00  Marauder, Marine x2  
  145  13:06  Terran Infantry Weapons Level 3  
  145  13:08  SCV x3, Refinery x2  
  145  13:09  Medivac x2, Liberator  
  152  13:21  Marine  
  152  13:22  Marauder  
  158  13:30  Marauder, Liberator, Marine  
  161  13:36  Terran Infantry Armor Level 3  
  161  13:37  Command Center, Marine x2  
  161  13:38  Marauder  
  161  13:39  Liberator  
  161  13:40  Supply Depot  
  165  13:45  Marine x2  
  164  13:52  Marauder  
  156  13:56  Liberator  
  156  13:58  Medivac  
  156  13:59  Marauder, Marine x2  
  156  14:01  Marine  
  166  14:08  Marauder, Marine  
  169  14:14  Ghost Academy  
  169  14:15  Marine  
  169  14:16  Marine  
  173  14:21  Marauder  
  168  14:24  SCV, Marine  
  168  14:25  SCV  
  168  14:26  SCV, Liberator  
  168  14:27  SCV  
  166  14:32  Marine x2  
  166  14:33  Marauder  
  169  14:41  Marine  
  150  14:52  Ghost  
  149  14:55  Ghost  
  148  15:03  Ghost, Liberator  
  148  15:04  Liberator  
  148  15:05  SCV  
  148  15:06  SCV  
  152  15:07  SCV  
  152  15:10  SCV  
  154  15:18  SCV  
  154  15:20  Marine x2  
  151  15:33  Viking x2  
  150  15:40  Ghost  
  152  15:43  Marine  
  146  15:57  SCV x2  
  146  16:02  Marine  
  146  16:03  Viking x3, Marine x2  
  146  16:04  Marauder x2  
  159  16:10  Viking  
  161  16:19  Marauder  
  161  16:22  Missile Turret  
  161  16:23  Planetary Fortress  
  158  16:33  Sensor Tower  
  158  16:35  SCV  
  158  16:36  SCV  
  158  16:38  Missile Turret  
  158  16:39  Viking, Missile Turret  
  162  16:50  Viking, Marauder, Marine x2  
  162  16:51  Viking  
  166  16:59  Marine  
  166  17:00  Marauder  
  160  17:02  SCV, Marine  
  160  17:10  Ghost  
  160  17:13  Starport Reactor  
  160  17:20  Viking  
  163  17:23  Barracks Tech Lab, Barracks Reactor  
  163  17:26  Viking  
  163  17:34  Missile Turret  
  163  17:35  Starport  
  163  17:40  Liberator x2  
  163  17:41  Missile Turret  
  163  17:43  Command Center  
  163  17:48  Marauder x2, Marine  
  163  17:49  Marauder, Marine, Ghost Academy  
  177  18:00  Sensor Tower  
  177  18:02  Missile Turret  
  177  18:08  Starport Reactor  
  177  18:16  Missile Turret  
  177  18:17  Starport Reactor  
  177  18:20  Refinery x2  
  177  18:25  Liberator  
  177  18:28  SCV  
  177  18:30  Liberator x2  
  177  18:32  SCV  
  178  18:35  Marauder x3, Liberator, Marine x2  
  178  18:41  SCV  
  184  18:46  Marine x2  
  189  18:56  Marauder  
  189  18:57  Medivac  
  189  19:01  Medivac  
  195  19:12  Terran Ship Weapons Level 2  
  195  19:18  Liberator  
  195  19:20  Liberator  
  195  19:25  Viking  
  196  19:38  Missile Turret x2  
  196  19:42  Marauder x2, Marine x2  
  199  20:03  Liberator x2  
  199  20:07  Marine  
  199  20:12  Marine  
  200  20:20  Marine x2  
  200  20:25  Marine  
  198  20:36  Marauder  
  198  20:37  Planetary Fortress  
  198  20:42  Refinery  
  192  20:55  Viking  
  192  20:56  Liberator  
  187  20:57  Liberator  
  187  20:58  Liberator  
  187  20:59  Viking  
  187  21:02  Marauder, Marine  
  189  21:06  Marauder, Marine x2  
  189  21:09  SCV  
  174  21:11  Marine  
  174  21:12  Marauder  
  179  21:25  Marine  
  179  21:26  Marauder, Marine  
  179  21:30  Viking  
  179  21:31  Marine  
  179  21:32  Marauder, Marine  
  179  21:37  Marine  
  173  21:40  Liberator x2  
  173  21:43  Viking, Marine  
  168  21:48  Marauder  
  168  21:50  Viking  
  168  21:52  Marine x3  
  168  21:54  SCV  
  168  21:56  Viking  
  178  22:01  Marine  
  178  22:02  Command Center  
  171  22:10  Marine  
  160  22:17  Medivac x2, Liberator  
  160  22:18  Marine x2  
  160  22:19  Ghost x3, Marine  
  161  22:28  SCV x2, Marine  
  164  22:35  Marine  
  164  22:36  Medivac, Liberator, Marine  
  164  22:37  Liberator, Marine  
  171  22:44  Liberator  
  172  22:46  Marine  
  172  22:48  Marine  
  172  22:49  Marauder x2  
  178  22:55  Marine x2  
  181  23:00  Marine  
  181  23:03  SCV  
  181  23:04  Marine  
  182  23:05  SCV  
  182  23:07  Marauder  
  182  23:10  Marauder x2  
  186  23:26  Marine x2  
  175  23:27  Viking  
  175  23:28  Marauder  
  175  23:29  Viking  
  175  23:31  Viking, Marauder  
  173  23:36  Viking  
  173  23:37  Marauder, Marine x2  
  173  23:41  Viking  
  166  23:44  Viking, Marine  
  163  23:50  Marine  
  163  23:54  Marine x2  
  168  23:57  Viking  
  168  23:59  Viking  
  168  24:01  Viking  
  168  24:02  Marine  
  173  24:10  Ghost x2  
  173  24:11  Viking x2  
  181  24:20  Planetary Fortress  
  181  24:25  Viking  
  181  24:26  Liberator, Marine  
  181  24:27  Viking, Marine  
  187  24:32  Refinery, Marine x2  
  187  24:35  Refinery  
  187  24:37  Ghost  
  189  24:38  Ghost x2  
  189  24:44  Marine  
  189  24:45  Marine  
  197  24:51  Marine  
  199  24:53  Marine  
  199  25:02  Marine  
  199  25:06  Marine  
  198  25:12  Marine x2  
  198  25:13  Marauder  
  192  25:18  Viking  
  190  25:21  Viking, Ghost x2  
  190  25:22  Marine  
  186  25:31  Marine  
  186  25:32  Marine  
  194  25:36  Marine  
Show
View Real Time Build Order
Export as new Build Order

Harstem Protoss 

Build Orders: 1 Gate Expand, Oracle Opening, Blink Stalkers 

Get SALT Encoding   

  12  0:00  Probe  
  13  0:12  Probe  
  14  0:18  Pylon  
  14  0:23  Probe  
  15  0:32  Probe  
  15  0:38  Gateway  
  15  0:40  Probe  
  16  0:47  Assimilator  
  17  0:52  Probe  
  18  1:05  Probe  
  19  1:17  Probe  
  20  1:25  Nexus  
  20  1:34  Cybernetics Core  
  20  1:37  Probe  
  21  1:42  Assimilator  
  21  1:49  Probe  
  21  1:54  Pylon  
  22  2:01  Probe  
  22  2:02  Adept  
  23  2:13  Probe  
  26  2:19  Stargate  
  26  2:25  Probe  
  27  2:30  Warp Gate  
  27  2:32  Adept  
  27  2:33  Probe x2  
  30  2:41  Probe x2  
  31  2:51  Probe  
  33  2:52  Probe  
  33  2:53  Oracle  
  35  3:03  Probe  
  39  3:06  Probe  
  39  3:10  Pylon  
  40  3:16  Probe  
  43  3:20  Probe  
  43  3:24  Twilight Council  
  42  3:29  Probe  
  43  3:36  Probe, Gateway  
  43  3:37  Gateway  
  43  3:41  Probe  
  45  3:44  Pylon, Blink  
  45  3:48  Probe  
  46  3:53  Probe  
  47  4:03  Probe  
  47  4:05  Probe  
  49  4:19  Forge  
  49  4:20  Stalker  
  49  4:23  Assimilator  
  49  4:24  Nexus  
  50  4:25  Probe  
  50  4:26  Probe  
  52  4:36  Stalker x2  
  52  4:37  Oracle  
  52  4:38  Probe  
  57  4:40  Pylon  
  55  4:49  Probe  
  55  4:52  Probe, Pylon  
  59  5:01  Probe  
  59  5:03  Protoss Ground Armor Level 1  
  59  5:04  Probe  
  59  5:07  Stalker  
  63  5:12  Phoenix  
  63  5:14  Probe  
  64  5:16  Probe  
  67  5:25  Stalker  
  67  5:26  Probe  
  70  5:28  Probe  
  70  5:32  Stalker  
  73  5:36  Gateway  
  73  5:38  Stalker, Probe  
  73  5:40  Probe  
  73  5:41  Probe  
  78  5:50  Probe  
  78  5:52  Probe  
  78  5:55  Charge  
  80  6:00  Stalker  
  80  6:01  Sentry  
  80  6:02  Probe  
  80  6:04  Gateway  
  85  6:07  Gateway  
  85  6:09  Gateway  
  85  6:11  Probe  
  86  6:13  Shield Battery  
  86  6:16  Probe  
  86  6:17  Assimilator, Shield Battery, Sentry  
  89  6:18  Photon Cannon, Probe  
  89  6:23  Photon Cannon, Probe  
  91  6:27  Assimilator  
  91  6:28  Probe  
  92  6:35  Pylon  
  92  6:37  Probe  
  93  6:42  Pylon  
  93  6:45  Robotics Facility  
  93  6:48  Pylon  
  93  6:52  Pylon  
  93  6:53  Probe x3  
  96  6:54  Pylon  
  96  7:00  Stalker  
  96  7:02  Stalker x5  
  96  7:06  Stalker  
  104  7:12  Probe  
  78  7:23  Stalker  
  78  7:25  Probe  
  78  7:28  Zealot x3, Sentry, Probe x2  
  78  7:29  Stalker  
  92  7:32  Protoss Ground Weapons Level 1  
  92  7:37  Probe  
  92  7:39  Warp Prism  
  92  7:40  Probe x2  
  95  7:46  Zealot  
  95  7:49  Probe  
  100  7:52  Robotics Bay, Probe x2  
  100  7:55  Zealot  
  100  8:01  Probe  
  100  8:04  Probe x2  
  95  8:06  Zealot x3  
  95  8:07  Immortal  
  97  8:13  Oracle, Probe  
  97  8:16  Probe  
  97  8:17  Zealot x2  
  97  8:18  Pylon  
  107  8:24  Probe  
  111  8:28  Gateway  
  111  8:31  Forge  
  111  8:34  Zealot x3, Disruptor  
  115  8:41  Sentry  
  115  8:44  Probe  
  115  8:46  Assimilator  
  121  8:49  Pylon  
  121  8:52  Sentry, Probe  
  121  8:53  Zealot x2  
  128  8:57  Pylon  
  128  9:03  Stalker x2  
  128  9:07  Pylon x2  
  132  9:14  Disruptor  
  132  9:15  Protoss Ground Armor Level 2  
  133  9:24  Dark Shrine  
  133  9:25  Nexus  
  133  9:28  Sentry  
  133  9:41  Stalker x5, Disruptor  
  129  9:48  Zealot x2  
  132  9:59  Zealot  
  133  10:07  Stalker x5  
  133  10:13  Probe  
  142  10:15  Pylon  
  142  10:17  Warp Prism  
  138  10:27  Zealot x3  
  137  10:28  Probe  
  137  10:30  Pylon  
  133  10:35  Stalker x4  
  133  10:36  Stalker  
  143  10:47  Disruptor  
  137  10:57  Zealot x3  
  143  11:06  Stalker x5  
  153  11:21  Zealot x3  
  153  11:22  Disruptor  
  149  11:28  Probe x3  
  142  11:38  Nexus  
  145  11:40  Probe x2  
  145  11:41  Probe  
  145  11:46  Pylon  
  148  11:51  Disruptor  
  148  11:52  Dark Templar x2  
  152  11:56  Zealot, Dark Templar  
  156  12:01  Protoss Ground Weapons Level 2  
  156  12:02  Pylon  
  156  12:05  Protoss Ground Armor Level 3  
  159  12:19  Stalker x5  
  167  12:37  Zealot x3  
  173  12:45  Stalker x4  
  173  12:46  Zealot  
  177  12:51  Warp Prism  
  155  12:59  Probe  
  155  13:01  Probe  
  155  13:02  Stargate  
  155  13:03  Fleet Beacon  
  155  13:04  Stalker x2  
  153  13:20  Stalker x6  
  153  13:24  Assimilator  
  153  13:27  Assimilator, Photon Cannon  
  165  13:28  Zealot, Dark Templar, Void Ray  
  173  13:48  Stalker x6  
  185  13:58  Tempest  
  183  14:05  Probe  
  183  14:07  Dark Templar  
  183  14:08  Zealot  
  193  14:22  Probe, Pylon  
  195  14:25  Warp Prism  
  193  14:32  Nexus  
  193  14:35  Pylon  
  190  14:39  Pylon  
  190  14:43  Protoss Ground Weapons Level 3  
  190  14:44  Stalker x2  
  194  15:03  Photon Cannon  
  194  15:05  Assimilator, Photon Cannon  
  194  15:07  Dark Templar, Photon Cannon  
  194  15:09  Shield Battery  
  194  15:10  Assimilator  
  194  15:11  Dark Templar  
  190  15:30  Tempest x2  
  190  15:36  Zealot x3  
  193  15:45  Probe  
  180  15:58  Dark Templar x2  
  180  15:59  Zealot x2  
  188  16:06  Nexus  
  188  16:14  Phoenix, Dark Templar  
  192  16:29  Probe  
  193  16:33  Pylon  
  193  16:36  Photon Cannon  
  193  16:37  Shield Battery  
  193  16:44  Assimilator  
  193  16:50  Probe x2  
  192  16:57  Zealot x5  
  192  17:00  Warp Prism  
  199  17:11  Gravitic Drive  
  181  17:23  Templar Archives  
  181  17:27  Photon Cannon  
  174  17:30  Photon Cannon, Tempest  
  174  17:34  Shield Battery  
  179  17:40  Oracle  
  182  17:48  Psionic Storm  
  182  17:51  Stalker x5  
  192  17:59  High Templar x3  
  198  18:12  Protoss Shields Level 1  
  196  18:16  High Templar x2  
  196  18:18  Pylon  
  200  18:23  Photon Cannon  
  196  18:34  Disruptor  
  196  18:35  Zealot  
  186  18:58  Nexus  
  186  19:02  Pylon  
  186  19:04  Warp Prism  
  186  19:07  High Templar x3  
  186  19:08  High Templar  
  194  19:20  Pylon  
  194  19:22  Assimilator  
  186  19:26  Assimilator  
  186  19:29  High Templar  
  186  19:37  Photon Cannon  
  186  19:50  Photon Cannon  
  184  19:54  High Templar x2  
  184  19:56  Zealot x3, Pylon  
  184  19:57  Zealot x2  
  184  19:58  Photon Cannon  
  198  20:01  Photon Cannon  
  187  20:20  Tempest x2  
  191  20:38  High Templar x3  
  193  20:42  Probe  
  164  20:59  Dark Templar x2  
  164  21:00  Dark Templar  
  164  21:03  Tempest x2  
  162  21:12  Zealot x4  
  153  21:31  Stalker  
  150  21:36  Tempest  
  148  21:46  Tempest  
  119  21:57  Zealot x8  
  134  22:09  Tempest  
  132  22:18  Probe  
  132  22:21  Nexus  
  135  22:23  Probe  
  135  22:27  Templar Archives  
  135  22:29  Tempest  
  141  22:30  Nexus  
  141  22:36  Stalker x3  
  141  22:37  Stalker  
  149  22:38  Probe  
  150  22:46  Probe  
  150  22:50  Probe  
  150  22:59  Probe  
  149  23:06  Dark Templar  
  149  23:09  Probe  
  150  23:17  Dark Templar  
  110  23:46  Nexus  
  110  23:48  High Templar  
  110  23:49  High Templar  
  114  24:00  High Templar  
  116  24:05  Probe  
  116  24:07  Probe  
  116  24:13  High Templar x2  
  118  24:22  Dark Templar  
  118  24:23  Probe  
  121  24:26  Probe  
  122  24:41  Probe  
  122  24:44  High Templar  
  125  24:48  High Templar x4  
  125  24:49  High Templar  
  135  24:52  Archon  
  135  24:56  Archon  
  135  25:01  Dark Templar  
  133  25:23  Probe  
  133  25:39  Nexus  
Tags
 
Add a new tag
Caveats
  • Supply blocks, unpowered buildings, or Contaminate may cause inaccurate times.
  • Supply counts are checked every 10 seconds.